[Event "EICC 2021"]
[Site "Reykjavik"]
[Date "2021.08.27"]
[Round "2.38"]
[White "Subelj, Jan"]
[Black "Sanal, Vahap"]
[Result "0-1"]
[ECO "C84"]
[WhiteElo "2412"]
[BlackElo "2557"]
[Annotator "ChessBase"]
[PlyCount "66"]
[EventDate "2021.08.26"]
[EventType "swiss"]
[EventCountry "ISL"]
[Tiebreak "Cut1 Buchholz"]
[SourceTitle "playchess.com"]
[Source "ChessBase"]
[SourceQuality "1"]
[TimeControl "40/5400+30:1800+30"]

1. e4 e5 2. Nf3 Nc6 3. Bb5 a6 4. Ba4 Nf6 5. O-O Be7 6. d3 b5 7. Bb3 d6 8. c3 O-O 9. a4 Bd7 10. Bc2 Re8 11. Re1 Bf8 12. Nbd2 Rb8 13.
Nf1 g6 14. Bg5 h6 15. Bxf6 Qxf6 16. axb5 axb5 17. Ne3 Qd8 18.
Bb3 Bg7 19. h4 Rf8 20. d4 Kh8 21. h5 f5 22. exf5 gxf5 23. dxe5 Nxe5 24. Bc2 b4 25. Nxe5 Bxe5 26. Nd5 bxc3 27. f4 Bg7 28. bxc3 Rf7 29. Qe2 Kh7 30. Ra3 Qh4 31. Nxc7 Rb2 32. Rf1 Re7 33. Qf2 Qg4 0-1

[Event "EICC 2021"]
[Site "Reykjavik"]
[Date "2021.08.27"]
[Round "2.39"]
[White "Bjerre, Jonas Buhl"]
[Black "Sokolovsky, Yahli"]
[Result "1-0"]
[ECO "C84"]
[WhiteElo "2550"]
[BlackElo "2415"]
[Annotator "ChessBase"]
[PlyCount "75"]
[EventDate "2021.08.26"]
[EventType "swiss"]
[EventCountry "ISL"]
[Tiebreak "Cut1 Buchholz"]
[SourceTitle "playchess.com"]
[Source "ChessBase"]
[SourceQuality "1"]
[TimeControl "40/5400+30:1800+30"]

1. e4 e5 2. Nf3 Nc6 3. Bb5 a6 4. Ba4 Nf6 5. O-O Be7 6. d3 b5 7. Bb3 d6 8. c3 O-O 9. a4 Bb7 10. Bg5 h6 11. Bxf6 Bxf6 12. Na3 b4 13.
Nc4 Rb8 14. a5 g6 15. Ne3 Bg7 16. Bc4 bxc3 17. bxc3 Ne7 18. Rb1 Kh7 19. Rb3 c6 20. Qb1 Qc7 21. Qb2 Ba8 22. Rb6 d5 23. Bxa6 f5 24. Rb1 Rbe8 25. Nd2 h5 26. Qa3 Rf7 27. Bb7 fxe4 28. dxe4 Bh6 29. Qc5 Bf8 30. exd5 Nxd5 31. Qxc6 Nxb6 32. Qxe8 Qxb7 33. Rxb6 Qd7 34. Qxd7 Rxd7 35. Ndc4 Bc5 36. Rb5 Rc7 37. Nb6 Bxe3 38. Nxa8 1-0

[Event "EICC 2021"]
[Site "Reykjavik"]
[Date "2021.08.27"]
[Round "2.40"]
[White "Heimisson, Hilmir Freyr"]
[Black "Kulaots, Kaido"]
[Result "1/2-1/2"]
[ECO "E08"]
[WhiteElo "2309"]
[BlackElo "2548"]
[Annotator "ChessBase"]
[PlyCount "39"]
[EventDate "2021.08.26"]
[EventType "swiss"]
[EventCountry "ISL"]
[Tiebreak "Cut1 Buchholz"]
[SourceTitle "playchess.com"]
[Source "ChessBase"]
[SourceQuality "1"]
[TimeControl "40/5400+30:1800+30"]

1. d4 Nf6 2. c4 e6 3. g3 Bb4+ 4. Bd2 Be7 5. Bg2 d5 6. Nf3 O-O 7. O-O c6 8. Qc2 b6 9. Rd1 Bb7 10. Bf4 Nbd7 11. Nc3 dxc4 12. Ne5 Nd5 13. Nxc4 Nxf4 14. gxf4 Qc7 15. e3 Rad8 16. Rac1 c5 17. d5 exd5 18. Nxd5 Bxd5 19. Rxd5 b5 20. Ne5 1/2-1/2

[Event "EICC 2021"]
[Site "Reykjavik"]
[Date "2021.08.28"]
[Round "3.33"]
[White "Can, Emre"]
[Black "Mazur, Stefan"]
[Result "1/2-1/2"]
[ECO "D08"]
[WhiteElo "2569"]
[BlackElo "2416"]
[Annotator "RC"]
[PlyCount "129"]
[EventDate "2021.08.26"]
[EventType "swiss"]
[EventCountry "ISL"]
[Tiebreak "Cut1 Buchholz"]
[SourceTitle "playchess.com"]
[Source "ChessBase"]
[SourceQuality "1"]
[TimeControl "40/5400+30:1800+30"]

1. d4 d5 2. c4 e5 3. dxe5 Ne7 4. cxd5 Qxd5 5. Qxd5 Nxd5 6. a3 Nc6 7. Nf3 h6 8. e4 Nb6 9. Be3 Bd7 10. b4 g5 11. b5 Na5 12. Nbd2 c5 13.
bxc6 Nxc6 14. h4 g4 15. Nd4 Nxe5 16. Nb5 Bxb5 17. Bxb5+ Nbd7 18. Nc4 Nxc4 19. Bxc4 Bc5 20. Ke2 Bxe3 21. Kxe3 Rc8 22. Rac1 Ke7 23. h5 Rc5 24. Be2 Rhc8 25. Rxc5 Rxc5 26. Bxg4 Rc3+ 27. Kd4 Rxa3 28. Bxd7 Kxd7 29. Ke5 Ra2 30. f4 Ke7 31. Kf5 Rxg2 32. Rb1 b6 33. Rc1 Rd2 34. Rc6 b5 35. Rxh6 Rh2 36. Ra6 Rxh5+ 37. Kg4 Rh1 38. Rxa7+ Ke6 39. Ra6+ Ke7 40. Rb6 Rb1 41. Kf5 Rh1 42. Ke5 Rc1 43. Rxb5 Rc7 44. Kf5 Ra7 45. Rb6 Ra5+ 46. e5 Ra1 47. Rb7+ Kf8 48. Kg5 Rg1+ 49. Kf6 Rg6+ 50. Kf5 Ra6 51. Rd7 Rh6 52. Rd6 Rh5+ 53. Kf6 Rh6+ 54. Kg5 Rh1 55. f5 Ke7 56. Rd3 f6+ 57. exf6+ Kf7 58. Rd7+ Kf8 59. f7 Rg1+ 60. Kf4 Ra1 61. Ke5 Ra6 62. Rd8+ Kxf7 63. Rd7+ Kf8 64. Rh7 Rb6 65. Rd7 1/2-1/2

[Event "EICC 2021"]
[Site "Reykjavik"]
[Date "2021.08.28"]
[Round "3.34"]
[White "Pantsulaia, Levan"]
[Black "Heimisson, Hilmir Freyr"]
[Result "1-0"]
[ECO "A34"]
[WhiteElo "2564"]
[BlackElo "2309"]
[Annotator "ChessBase"]
[PlyCount "69"]
[EventDate "2021.08.26"]
[EventType "swiss"]
[EventCountry "ISL"]
[Tiebreak "Cut1 Buchholz"]
[SourceTitle "playchess.com"]
[Source "ChessBase"]
[SourceQuality "1"]
[TimeControl "40/5400+30:1800+30"]

1. c4 c5 2. Nf3 Nc6 3. Nc3 Nf6 4. g3 d5 5. cxd5 Nxd5 6. Bg2 g6 7. h4 h6 8. d3 Bg7 9. Bd2 Nc7 10. a3 Be6 11. Rb1 Rc8 12. O-O O-O 13.
b4 c4 14. Qc1 Kh7 15. dxc4 Bxc4 16. Rd1 Qe8 17. h5 Ne6 18. Qc2 Ncd4 19. Nxd4 Nxd4 20. Qe4 Rc6 21. Bxh6 Nxe2+ 22. Nxe2 Bxh6 23. Nf4 e5 24. Re1 Bxf4 25. gxf4 Qe6 26. fxe5 Rc7 27. Rbd1 Qf5 28. hxg6+ fxg6 29. Qh4+ Kg7 30. Rd6 Rcf7 31. e6 Rh8 32. Qd4+ Rf6 33. Rd7+ Kg8 34. e7 Rh1+ 35. Bxh1 1-0

[Event "EICC 2021"]
[Site "Reykjavik"]
[Date "2021.08.28"]
[Round "3.37"]
[White "Van Foreest, Lucas"]
[Black "Pein, Malcolm"]
[Result "1-0"]
[ECO "C54"]
[WhiteElo "2544"]
[BlackElo "2309"]
[Annotator "ChessBase"]
[PlyCount "121"]
[EventDate "2021.08.26"]
[EventType "swiss"]
[EventCountry "ISL"]
[Tiebreak "Cut1 Buchholz"]
[SourceTitle "playchess.com"]
[Source "ChessBase"]
[SourceQuality "1"]
[TimeControl "40/5400+30:1800+30"]

1. e4 e5 2. Nf3 Nc6 3. Bc4 Nf6 4. d3 Bc5 5. O-O d6 6. c3 a6 7. a4 Ba7 8. h3 Qe7 9. b4 Be6 10. Bb3 Bxb3 11. Qxb3 O-O 12. Nbd2 Qe6 13. Qxe6 fxe6 14. g3 d5 15. Kg2 b5 16. Re1 dxe4 17. dxe4 Rad8 18. Re2 Bb6 19. Bb2 Ne8 20. Nf1 Rd3 21. Ne1 Rd7 22. Nf3 Rd3 23.
N1h2 Rd7 24. axb5 axb5 25. Ra8 Nd6 26. Rxf8+ Kxf8 27. Bc1 Nc4 28. Nd2 Nd6 29. Nhf3 h6 30. Bb2 Rd8 31. Re1 Ra8 32. Ra1 Rxa1 33. Bxa1 Ke7 34. Bb2 Kf6 35. Kf1 Kf7 36. Ke2 Ke7 37. Ne1 Nd8 38. Nd3 N8f7 39. h4 h5 40. f3 Nc4 41. Nxc4 bxc4 42. Ne1 c5 43. Nc2 Nd6 44. Ba3 Nb5 45. bxc5 Nxc3+ 46. Kf1 Ba7 47. Bb2 Nb5 48. Bxe5 g6 49. c6 Bc5 50. Ke2 Bd6 51. f4 Bxe5 52. fxe5 Kd8 53. Ke3 Kc7 54. Nd4 Nxd4 55. Kxd4 c3 56. Kxc3 Kxc6 57. Kc4 Kb6 58. Kd4 Kb5 59. Ke3 Kc4 60. Kf4 Kd4 61. g4 1-0

[Event "EICC 2021"]
[Site "Reykjavik"]
[Date "2021.08.28"]
[Round "3.38"]
[White "Milikow, Yoav"]
[Black "Hillarp Persson, Tiger"]
[Result "0-1"]
[ECO "E92"]
[WhiteElo "2287"]
[BlackElo "2543"]
[Annotator "ChessBase"]
[PlyCount "60"]
[EventDate "2021.08.26"]
[EventType "swiss"]
[EventCountry "ISL"]
[Tiebreak "Cut1 Buchholz"]
[SourceTitle "playchess.com"]
[Source "ChessBase"]
[SourceQuality "1"]
[TimeControl "40/5400+30:1800+30"]

1. d4 Nf6 2. c4 g6 3. Nc3 Bg7 4. e4 d6 5. Be2 O-O 6. Be3 Na6 7. Nf3 e5 8. d5 Ng4 9. Bg5 f6 10. Bh4 h5 11. Nd2 Nh6 12. f3 c5 13. a3 Nf7 14. Qb1 Bh6 15.
Bf2 Nc7 16. b4 b6 17. Bd1 f5 18. h4 Ne8 19. Ba4 Bd7 20. Bc6 Rc8 21. b5 Nf6 22. Ra2 Rc7 23. a4 Bc8 24. a5 bxa5 25. Nb3 fxe4 26. Nxe4 Bf5 27. Ke2 Bxe4 28. fxe4 Qc8 29. Kf1 Ng4 30. Rh3 Nd8 0-1

[Event "EICC 2021"]
[Site "Reykjavik"]
[Date "2021.08.28"]
[Round "3.39"]
[White "Hjartarson, Johann"]
[Black "Sylvan, Jacob"]
[Result "1/2-1/2"]
[ECO "E43"]
[WhiteElo "2519"]
[BlackElo "2307"]
[Annotator "ChessBase"]
[PlyCount "82"]
[EventDate "2021.08.26"]
[EventType "swiss"]
[EventCountry "ISL"]
[Tiebreak "Cut1 Buchholz"]
[SourceTitle "playchess.com"]
[Source "ChessBase"]
[SourceQuality "1"]
[TimeControl "40/5400+30:1800+30"]

1. d4 Nf6 2. c4 e6 3. Nc3 Bb4 4. e3 b6 5. Bd3 Bb7 6. Nf3 Ne4 7. O-O f5 8. Ne2 Bd6 9. b3 O-O 10. Bb2 Be7 11. Ng3 d5 12. cxd5 exd5 13. Qe2 a5 14. a3 Nd7 15. Rfd1 Bd6 16. Ne5 Qe7 17. f4 Nxg3 18. hxg3 c5 19. a4 Qe6 20. Rac1 Nf6 21. Rc2 Bxe5 22. dxe5 Ng4 23. Kf1 Qh6 24. Ke1 Qh2 25. Kd2 Qxg3 26.
Qf3 Qf2+ 27. Be2 d4 28. Qxf2 Nxf2 29. exd4 Nxd1 30. Bc4+ Kh8 31. Kxd1 Rfd8 32. e6 Bd5 33. e7 Rd7 34. Re2 Bxc4 35. e8=Q+ Rxe8 36. Rxe8+ Bg8 37. Rb8 Rd6 38. Ke2 cxd4 39. Kd3 h5 40. Bxd4 Kh7 41. Rxb6 Rxb6 1/2-1/2

[Event "EICC 2021"]
[Site "Reykjavik"]
[Date "2021.08.28"]
[Round "3.40"]
[White "Ftacnik, Lubomir"]
[Black "Vedder, Richard"]
[Result "1-0"]
[ECO "D07"]
[WhiteElo "2513"]
[BlackElo "2266"]
[Annotator "ChessBase"]
[PlyCount "47"]
[EventDate "2021.08.26"]
[EventType "swiss"]
[EventCountry "ISL"]
[Tiebreak "Cut1 Buchholz"]
[SourceTitle "playchess.com"]
[Source "ChessBase"]
[SourceQuality "1"]
[TimeControl "40/5400+30:1800+30"]

1. d4 d5 2. c4 dxc4 3. e4 Nc6 4. Nf3 Bg4 5. d5 Ne5 6. Nc3 Nf6 7. Be3 Bxf3 8. gxf3 c6 9. f4 Nd3+ 10. Bxd3 cxd3 11. dxc6 bxc6 12. Qa4 Qd7 13. O-O-O Rd8 14. Rxd3 Qxd3 15. Rd1 Qxd1+ 16. Nxd1 Rc8 17. Nc3 g6 18. Qa6 Kd8 19. Qxa7 Nd7 20. Na4 Bh6 21. Kb1 f6 22. Nc5 Nf8 23. Qb7 Rc7 24. Qb6 1-0

[Event "EICC 2021"]
[Site "Reykjavik"]
[Date "2021.08.30"]
[Round "5.30"]
[White "Pantsulaia, Levan"]
[Black "Thorfinnsson, Bragi"]
[Result "1-0"]
[ECO "A14"]
[WhiteElo "2564"]
[BlackElo "2439"]
[Annotator "ChessBase"]
[PlyCount "105"]
[EventDate "2021.08.26"]
[EventType "swiss"]
[EventCountry "ISL"]
[Tiebreak "Cut1 Buchholz"]
[SourceTitle "playchess.com"]
[Source "ChessBase"]
[SourceQuality "1"]
[TimeControl "40/5400+30:1800+30"]

1. g3 Nf6 2. Bg2 d5 3. c4 e6 4. Nf3 Be7 5. O-O O-O 6. b3 c6 7. Bb2 a5 8. Nc3 Nbd7 9. d4 Rb8 10. Ne5 Qb6 11. Rc1 Rd8 12. c5 Qa6 13.
f4 b5 14. cxb6 Nxe5 15. fxe5 Nd7 16. Na4 Qb5 17. e4 Nxb6 18. Nc3 Qa6 19. Rc2 Bd7 20. Rcf2 Rf8 21. Ne2 dxe4 22. Bxe4 Nd5 23. Bc1 c5 24. Qc2 Bb5 25. Bxh7+ Kh8 26. Rxf7 Rxf7 27. Rxf7 Be8 28. Bd3 Qa7 29. Rf2 cxd4 30. Nf4 Ne3 31. Qe2 Qc5 32. Bb2 Qxe5 33. Qf3 Bf6 34. Bg6 Kg8 35. Rd2 Bxg6 36. Bxd4 Qc7 37. Bxe3 Bf7 38. Qe4 Re8 39. Rc2 Qd7 40. Rd2 Qc7 41. h4 Be5 42. Kh2 Bxf4 43.
Bxf4 e5 44. Be3 Qc3 45. g4 Be6 46. h5 Qb4 47. Qxb4 axb4 48. Kg3 Rc8 49. g5 Bf5 50. g6 Bb1 51. Bc5 Ra8 52. Bxb4 Bxa2 53. Rb2 1-0

[Event "EICC 2021"]
[Site "Reykjavik"]
[Date "2021.08.30"]
[Round "5.31"]
[White "Sanal, Vahap"]
[Black "Lubbe, Nikolas"]
[Result "1-0"]
[ECO "B23"]
[WhiteElo "2557"]
[BlackElo "2427"]
[Annotator "ChessBase"]
[PlyCount "45"]
[EventDate "2021.08.26"]
[EventType "swiss"]
[EventCountry "ISL"]
[Tiebreak "Cut1 Buchholz"]
[SourceTitle "playchess.com"]
[Source "ChessBase"]
[SourceQuality "1"]
[TimeControl "40/5400+30:1800+30"]

1. e4 c5 2. Nc3 e6 3. g3 d5 4. Bg2 d4 5. Nce2 e5 6. d3 Bd6 7. f4 Nc6 8. Nf3 Nge7 9. O-O exf4 10. gxf4 f5 11. c3 dxc3 12. Nxc3 O-O 13. Qb3+ Kh8 14. Ng5 Qe8 15. Be3 fxe4 16. Nb5 Bb8 17. Bxc5 Qg6 18. Qa3 Rf5 19. Bxe7 Rxb5 20. dxe4 Bc7 21. Bd8 Kg8 22. Bxc7 h6 23. Nf3 1-0

[Event "EICC 2021"]
[Site "Reykjavik"]
[Date "2021.08.30"]
[Round "5.33"]
[White "Kacharava, Nikolozi"]
[Black "Martinovic, Sasa"]
[Result "1-0"]
[ECO "B90"]
[WhiteElo "2453"]
[BlackElo "2548"]
[Annotator "RC"]
[PlyCount "77"]
[EventDate "2021.08.26"]
[EventType "swiss"]
[EventCountry "ISL"]
[Tiebreak "Cut1 Buchholz"]
[SourceTitle "playchess.com"]
[Source "ChessBase"]
[SourceQuality "1"]
[TimeControl "40/5400+30:1800+30"]

1. e4 c5 2. Nf3 d6 3. d4 cxd4 4. Nxd4 Nf6 5. Nc3 a6 6. h3 e5 7. Nb3 Be7 8. Be3 h6 9. g4 b5 10. Qf3 Qc7 11. O-O-O b4 12. Nd5 Nxd5 13. exd5 a5 14. Nd2 a4 15. Nc4 Nd7 16. Kb1 Ba6 17. b3 Bh4 18. Rg1 Bg5 19. h4 Bxe3 20. fxe3 Nb6 21. Nxb6 Qxb6 22. g5 h5 23. g6 f6 24. Bxa6 Qxa6 25. Rd2 Ke7 26. Rgg2 Ra7 27. Rd1 Rc8 28. Qxh5 axb3 29. cxb3 Rc3 30. Qh8 Rxb3+ 31. Ka1 Qc4 32. Qxg7+ Kd8 33. Qxf6+ Kc8 34. Qe6+ Kc7 35. Qe7+ Kb6 36.
Qxd6+ Ka5 37. Qc6 Qe4 38. axb3 Qxg2 39. Rc1 1-0

[Event "EICC 2021"]
[Site "Reykjavik"]
[Date "2021.08.30"]
[Round "5.34"]
[White "Subelj, Jan"]
[Black "Hillarp Persson, Tiger"]
[Result "1/2-1/2"]
[ECO "B51"]
[WhiteElo "2412"]
[BlackElo "2543"]
[Annotator "ChessBase"]
[PlyCount "42"]
[EventDate "2021.08.26"]
[EventType "swiss"]
[EventCountry "ISL"]
[Tiebreak "Cut1 Buchholz"]
[SourceTitle "playchess.com"]
[Source "ChessBase"]
[SourceQuality "1"]
[TimeControl "40/5400+30:1800+30"]

1. e4 c5 2. Nf3 d6 3. Bb5+ Nd7 4. O-O a6 5. Bd3 Ngf6 6. Re1 e6 7. c3 b5 8. Bc2 c4 9. a4 Bb7 10. d4 cxd3 11. Qxd3 Nc5 12. Qe2 bxa4 13. Be3 Nfd7 14. Bxc5 Nxc5 15. Rxa4 Be7 16. Rd4 O-O 17. e5 Bxf3 18. Qxf3 d5 19. b4 Nd7 20. Qh5 g6 21. Rg4 Bf6 1/2-1/2

[Event "EICC 2021"]
[Site "Reykjavik"]
[Date "2021.08.30"]
[Round "5.35"]
[White "Basso, Pier Luigi"]
[Black "Stefansson, Vignir Vatnar"]
[Result "1/2-1/2"]
[ECO "D38"]
[WhiteElo "2541"]
[BlackElo "2371"]
[Annotator "ChessBase"]
[PlyCount "95"]
[EventDate "2021.08.26"]
[EventType "swiss"]
[EventCountry "ISL"]
[Tiebreak "Cut1 Buchholz"]
[SourceTitle "playchess.com"]
[Source "ChessBase"]
[SourceQuality "1"]
[TimeControl "40/5400+30:1800+30"]

1. d4 Nf6 2. c4 e6 3. Nc3 d5 4. cxd5 exd5 5. Bg5 Bb4 6. Nf3 h6 7. Bh4 O-O 8. e3 Bf5 9. Be2 Nbd7 10. Qb3 Bxc3+ 11. Qxc3 Ne4 12. Bxd8 Nxc3 13. bxc3 Rfxd8 14. Nh4 Bh7 15. g4 c5 16. Kd2 Rac8 17. a4 Rc7 18. a5 Rdc8 19. Ra3 Nf6 20. f3 g5 21. Ng2 h5 22. h3 Bg6 23.
Ne1 hxg4 24. hxg4 c4 25. Bd1 Kg7 26. Bc2 Rh8 27. Rxh8 Kxh8 28. Bxg6 fxg6 29. Ra1 Kg8 30. Nc2 Rh7 31. Rb1 Rh2+ 32. Kd1 Rh1+ 33. Ne1 Rh7 34. Rb5 Kf8 35. Nc2 Rd7 36. Na3 Re7 37. Ke2 Ke8 38.
Nb1 Kf7 39. Nd2 Kg7 40. Kf2 Kh6 41. e4 dxe4 42. Nxe4 Nxe4+ 43. fxe4 Rxe4 44. Rxb7 Rf4+ 45. Kg3 Re4 46. Rxa7 Re3+ 47. Kf2 Re2+ 48. Kxe2 1/2-1/2

[Event "EICC 2021"]
[Site "Reykjavik"]
[Date "2021.08.30"]
[Round "5.36"]
[White "Sousa, Andre Ventura"]
[Black "Suleymanli, Aydin"]
[Result "1-0"]
[ECO "B18"]
[WhiteElo "2405"]
[BlackElo "2536"]
[Annotator "ChessBase"]
[PlyCount "59"]
[EventDate "2021.08.26"]
[EventType "swiss"]
[EventCountry "ISL"]
[Tiebreak "Cut1 Buchholz"]
[SourceTitle "playchess.com"]
[Source "ChessBase"]
[SourceQuality "1"]
[TimeControl "40/5400+30:1800+30"]

1. e4 c6 2. d4 d5 3. Nd2 dxe4 4. Nxe4 Bf5 5. Qf3 e6 6. Ne2 Nd7 7. N2g3 g6 8. c3 Ndf6 9. Bc4 Nd5 10. Bg5 Be7 11. Bxe7 Qxe7 12. O-O Kf8 13. Rfe1 Rd8 14. Bb3 h5 15. h3 h4 16. Nxf5 gxf5 17. Nc5 Rh6 18.
Rad1 Ngf6 19. c4 Nb6 20. a4 Rg6 21. a5 Nbd7 22. Nxb7 Rb8 23. a6 Qb4 24. d5 Ne4 25. dxe6 Rxe6 26. Re3 Ng5 27. Qf4 Rxe3 28. Qxe3 Nf6 29. Qxg5 Qxb3 30. Rd4 1-0

[Event "EICC 2021"]
[Site "Reykjavik"]
[Date "2021.08.30"]
[Round "5.37"]
[White "Petrov, Martin"]
[Black "D`Costa, Lorin"]
[Result "1/2-1/2"]
[ECO "B12"]
[WhiteElo "2521"]
[BlackElo "2381"]
[Annotator "ChessBase"]
[PlyCount "81"]
[EventDate "2021.08.26"]
[EventType "swiss"]
[EventCountry "ISL"]
[Tiebreak "Cut1 Buchholz"]
[SourceTitle "playchess.com"]
[Source "ChessBase"]
[SourceQuality "1"]
[TimeControl "40/5400+30:1800+30"]

1. e4 c6 2. d4 d5 3. e5 Bf5 4. Nf3 e6 5. Be2 Nd7 6. O-O h6 7. a4 Ne7 8. a5 a6 9. b4 Nc8 10. c3 Be7 11. Nbd2 Na7 12. Nb3 Nb5 13. Bd2 O-O 14. Ne1 f6 15.
f4 fxe5 16. fxe5 Bg5 17. c4 Nc7 18. Rc1 Qe7 19. Bxg5 Qxg5 20. Rc3 dxc4 21. Bxc4 Rad8 22. Rg3 Qe7 23. Qc1 Kh8 24. Qc3 Be4 25.
Rxf8+ Rxf8 26. Nd2 Nd5 27. Bxd5 Bxd5 28. Nef3 Rf4 29. h3 Nf8 30. Kh2 Qf7 31. Nc4 Bxc4 32. Qxc4 Ng6 33. Qc5 Ne7 34. Qd6 Nf5 35. Qb8+ Kh7 36. Rg4 Rxg4 37. hxg4 Nxd4 38. Nxd4 Qf4+ 39. Kh3 Qxd4 40. Qxb7 Qe3+ 41. g3 1/2-1/2

[Event "EICC 2021"]
[Site "Reykjavik"]
[Date "2021.08.31"]
[Round "6.32"]
[White "Hillarp Persson, Tiger"]
[Black "Juksta, Karolis"]
[Result "1/2-1/2"]
[ECO "A07"]
[WhiteElo "2543"]
[BlackElo "2438"]
[Annotator "ChessBase"]
[PlyCount "101"]
[EventDate "2021.08.26"]
[EventType "swiss"]
[EventCountry "ISL"]
[Tiebreak "Cut1 Buchholz"]
[SourceTitle "playchess.com"]
[Source "ChessBase"]
[SourceQuality "1"]
[TimeControl "40/5400+30:1800+30"]

1. Nf3 d5 2. g3 Bg4 3. Bg2 Nd7 4. c4 e6 5. d4 c6 6. Nc3 Ngf6 7. Qb3 Qb6 8. c5 Qa6 9. Qd1 e5 10. Nxe5 Nxe5 11. dxe5 Nd7 12. Qd4 Qc4 13. Qxc4 dxc4 14. f4 Nxc5 15. Be3 Be6 16. O-O f5 17. exf6 gxf6 18. f5 Bf7 19. b4 cxb3 20. axb3 Nxb3 21. Rxa7 Rxa7 22. Bxa7 Bc5+ 23. Bxc5 Nxc5 24. Rc1 Ke7 25. Kf2 Rc8 26. Ke3 b5 27. Rb1 Kd6 28. g4 Rb8 29. Rd1+ Kc7 30. Rc1 Kb6 31. h4 h6 32. Rb1 Kc7 33.
Rb4 Bc4 34. Ne4 Nxe4 35. Bxe4 Rg8 36. Bf3 Kd6 37. Kf4 Ra8 38. Rb1 Kc5 39. g5 hxg5+ 40. hxg5 fxg5+ 41.
Kxg5 b4 42. Bxc6 Kxc6 43. Rxb4 Bxe2 44. Rd4 Bf3 45. f6 Bd5 46. Kg6 Rd8 47. Rf4 Kd6 48. f7 Rf8 49. Rd4 Rxf7 50. Rxd5+ Kxd5 51. Kxf7 1/2-1/2

[Event "EICC 2021"]
[Site "Reykjavik"]
[Date "2021.08.31"]
[Round "6.33"]
[White "Petkov, Momchil"]
[Black "Basso, Pier Luigi"]
[Result "1/2-1/2"]
[ECO "C43"]
[WhiteElo "2443"]
[BlackElo "2541"]
[Annotator "ChessBase"]
[PlyCount "69"]
[EventDate "2021.08.26"]
[EventType "swiss"]
[EventCountry "ISL"]
[Tiebreak "Cut1 Buchholz"]
[SourceTitle "playchess.com"]
[Source "ChessBase"]
[SourceQuality "1"]
[TimeControl "40/5400+30:1800+30"]

1. e4 e5 2. Nf3 Nf6 3. d4 Nxe4 4. Bd3 d5 5. Nxe5 Nd7 6.
O-O Nxe5 7. dxe5 Nc5 8. Be3 c6 9. f4 Nxd3 10. Qxd3 g6 11.
Nc3 Qa5 12. Ne2 Bf5 13. Qd1 O-O-O 14. Nd4 Be4 15. Nb3 Qa4 16. Rf2 b6 17. c3 Be7 18. Qe2 h5 19. f5 Bxf5 20. Nd4 c5 21.
Nxf5 gxf5 22. Rxf5 Rh7 23. Qf3 Qg4 24. Rf1 Qxf3 25. R1xf3 d4 26. Bd2 dxc3 27. Bxc3 Rd1+ 28. Kf2 Kd7 29. Rxf7 Rxf7 30. Rxf7 Ke6 31. Rh7 b5 32. Rh6+ Kd5 33. Rh7 Ke6 34. Rh6+ Kd5 35. Rh7 1/2-1/2

[Event "EICC 2021"]
[Site "Reykjavik"]
[Date "2021.08.31"]
[Round "6.34"]
[White "Plat, Vojtech"]
[Black "Sokolovsky, Yahli"]
[Result "1/2-1/2"]
[ECO "E61"]
[WhiteElo "2531"]
[BlackElo "2415"]
[Annotator "ChessBase"]
[PlyCount "75"]
[EventDate "2021.08.26"]
[EventType "swiss"]
[EventCountry "ISL"]
[Tiebreak "Cut1 Buchholz"]
[SourceTitle "playchess.com"]
[Source "ChessBase"]
[SourceQuality "1"]
[TimeControl "40/5400+30:1800+30"]

1. d4 Nf6 2. Nf3 g6 3. e3 Bg7 4. c4 d6 5. Nc3 O-O 6. Be2 Bf5 7. O-O Ne4 8. Nxe4 Bxe4 9. Bd2 c5 10. Bc3 Nc6 11. Qd2 e5 12. d5 Bxf3 13. Bxf3 Nb8 14. Bd1 Nd7 15. Ba4 Nb6 16. Bb3 f5 17. f3 f4 18. exf4 Rxf4 19. g3 Rf7 20. a4 a5 21. Rae1 Qd7 22. Qd1 Nc8 23.
Bc2 Ne7 24. Be4 Nf5 25. b3 Bh6 26. Qd3 b6 27. Kg2 Raf8 28.
Rh1 Qd8 29. h4 Qf6 30. Bb2 Ng7 31. g4 Bf4 32. h5 Nf5 33. hxg6 hxg6 34. gxf5 gxf5 35. Reg1 fxe4 36. Qxe4 Rg7+ 37. Kf2 Qf5 38.
Qxf5 1/2-1/2

[Event "EICC 2021"]
[Site "Reykjavik"]
[Date "2021.08.31"]
[Round "6.35"]
[White "Petrov, Martin"]
[Black "Subelj, Jan"]
[Result "1/2-1/2"]
[ECO "C54"]
[WhiteElo "2521"]
[BlackElo "2412"]
[Annotator "ChessBase"]
[PlyCount "77"]
[EventDate "2021.08.26"]
[EventType "swiss"]
[EventCountry "ISL"]
[Tiebreak "Cut1 Buchholz"]
[SourceTitle "playchess.com"]
[Source "ChessBase"]
[SourceQuality "1"]
[TimeControl "40/5400+30:1800+30"]

1. e4 e5 2. Nf3 Nc6 3. Bc4 Nf6 4. d3 Bc5 5. O-O d6 6. c3 h6 7. Re1 O-O 8. Nbd2 a5 9. Nf1 a4 10. h3 Ra5 11. Ng3 b5 12. b4 axb3 13.
Bxb3 Bb6 14. d4 Ra8 15. Be3 Bd7 16. Qc1 Kh7 17. Bc2 Re8 18.
Rd1 Na5 19. dxe5 Bxe3 20. Qxe3 Nc4 21. Qe2 dxe5 22. Bb3 Nd6 23. Rd2 Qe7 24. Rad1 g6 25. Nh2 Bc6 26. Ng4 Ndxe4 27. Nxe4 Nxe4 28. Qe3 Qg5 29. Rd7 Bxd7 30. Rxd7 Qxe3 31. Rxf7+ Kh8 32. fxe3 h5 33. Nh6 Ng5 34. Rxc7 Ne4 35.
Rf7 Nd6 36. Rc7 Nc4 37. Nf7+ Kg8 38. Nh6+ Kh8 39. Rd7 1/2-1/2

[Event "EICC 2021"]
[Site "Reykjavik"]
[Date "2021.08.31"]
[Round "6.36"]
[White "Ferreira, Jorge Viterbo"]
[Black "D`Costa, Lorin"]
[Result "1-0"]
[ECO "B12"]
[WhiteElo "2520"]
[BlackElo "2381"]
[Annotator "ChessBase"]
[PlyCount "97"]
[EventDate "2021.08.26"]
[EventType "swiss"]
[EventCountry "ISL"]
[Tiebreak "Cut1 Buchholz"]
[SourceTitle "playchess.com"]
[Source "ChessBase"]
[SourceQuality "1"]
[TimeControl "40/5400+30:1800+30"]

1. e4 c6 2. d4 d5 3. Nd2 Qc7 4. Bd3 dxe4 5. Nxe4 Bf5 6. Qf3 Bxe4 7. Bxe4 Nf6 8. Bf4 Qa5+ 9. Bd2 Qb6 10. Ne2 Nbd7 11. Bd3 g6 12. O-O Bg7 13. a4 O-O 14. a5 Qc7 15. a6 b5 16. Bf4 Qb6 17. c3 Rae8 18.
Rfe1 Nd5 19. Be4 N7f6 20. Be5 Nxe4 21. Qxe4 Rd8 22. Bxg7 Kxg7 23. Nc1 Nf6 24. Qe3 Nd5 25. Qe5+ f6 26. Qg3 c5 27. dxc5 Qxc5 28. Nb3 Qb6 29. Qf3 Rfe8 30. Red1 e6 31. g3 Rd6 32. Na5 Qc7 33. Nb7 Rb6 34. b4 Nxc3 35. Rac1 Rc6 36. Kg2 Nd5 37. Nc5 Re7 38. Qe2 Kf7 39. Qxb5 Qb6 40. Qa4 Rec7 41. Rd4 Rd6 42. Kg1 Qc6 43. b5 Qe8 44. Rdc4 Re7 45. Nb7 Rb6 46. Rc8 Qd7 47. Rd8 Rxb7 48. axb7 Qxd8 49. Rc8 1-0

[Event "EICC 2021"]
[Site "Reykjavik"]
[Date "2021.08.31"]
[Round "6.37"]
[White "Baltag, Iulian"]
[Black "Hjartarson, Johann"]
[Result "1/2-1/2"]
[ECO "B40"]
[WhiteElo "2410"]
[BlackElo "2519"]
[Annotator "ChessBase"]
[PlyCount "63"]
[EventDate "2021.08.26"]
[EventType "swiss"]
[EventCountry "ISL"]
[Tiebreak "Cut1 Buchholz"]
[SourceTitle "playchess.com"]
[Source "ChessBase"]
[SourceQuality "1"]
[TimeControl "40/5400+30:1800+30"]

1. e4 c5 2. Nf3 e6 3. g3 Nc6 4. Bg2 Nf6 5. Qe2 e5 6. c3 d6 7. O-O Be7 8. Rd1 O-O 9. d4 cxd4 10. cxd4 Bg4 11. dxe5 Nxe5 12. h3 Nxf3+ 13. Bxf3 Bxf3 14. Qxf3 Qc8 15. Kg2 Qe6 16. Nc3 Rfc8 17. Be3 a6 18. Bd4 b5 19. Rd2 Nd7 20. Nd5 Bf8 21. a4 bxa4 22. Rxa4 Nc5 23. Bxc5 dxc5 24. Qg4 Qc6 25. Ra3 Re8 26. Rf3 Re6 27. Qf4 Ra7 28. Rb3 Rb7 29. Rxb7 Qxb7 30. Nc3 g6 31. Kh2 h6 32. Qe3 1/2-1/2